 Dungeon Crawl Stone Soup version 0.32-a0-913-g739538afd8 (webtiles) character file.

Game seed: 10523222113133353732

23937 Mgcat the Severer (level 13, 0/107 HPs)
             Began as a Coglin Berserker on Apr 9, 2024.
             Was a High Priest of Trog.
             Slain by a catoblepas (25 damage)
             ... on level 4 of the Lair of Beasts.
             The game lasted 00:22:34 (14368 turns).

Mgcat the Severer (Coglin Berserker)               Turns: 14368, Time: 00:22:35

Health: 0/107      AC: 14    Str: 21    XL:     13   Next: 9%
Magic:  13/13      EV: 12    Int:  8    God:    Trog [*****.]
Gold:   634        SH:  0    Dex: 14    Spells: 12/12 levels left

rFire   + . .        y - +2 broad axe {Senakhtenre}
rCold   . . .        t - +4 war axe {Suthep}
rNeg    + . .        r - +1 ring mail of Anar {rF+ rN+ rCorr}
rPois   .            i - +0 helmet
rElec   .            p - +0 cloak
rCorr   +            g - +1 pair of gloves
SInv    .            w - +1 pair of boots
Will    .....        (amulet unavailable)
Stlth   +            (ring unavailable)
HPRegen 0.37/turn    (ring unavailable)
MPRegen 0.13/turn    (no gizmo)

%: no passive effects
@: on berserk cooldown, slowed, revving, very slow
A: off-hand wielding, slow wielding, warmup strikes, no jewellery
a: Invent Gizmo, Renounce Religion, Berserk, Trog's Hand, Brothers in Arms


You were on level 4 of the Lair of Beasts.
You worshipped Trog.
Trog was extremely pleased with you.
You visited 2 branches of the dungeon, and saw 15 of its levels.

You collected 879 gold pieces.
You spent 245 gold pieces at shops.

Inventory:

Hand Weapons
 t - a +4 war axe (offhand) {Suthep}
   (You took it off a wight on level 6 of the Dungeon)
 y - a +2 broad axe (weapon) {Senakhtenre}
   (You took it off Maggie on level 7 of the Dungeon)
 G - a +2 hand axe of venom
   (You found it on level 1 of the Lair of Beasts)
Missiles
 n - 2 curare-tipped darts
 v - 2 throwing nets {=f, !d}
Armour
 g - a +1 pair of gloves (worn)
   (You found it on level 4 of the Dungeon)
 i - a +0 helmet (worn)
   (You found it on level 10 of the Dungeon)
 p - a +0 cloak (worn)
   (You found it on level 3 of the Dungeon)
 r - the +1 ring mail of Anar (worn) {rF+ rN+ rCorr}
   (You found it on level 9 of the Dungeon)

   rF+:       It protects you from fire.
   rN+:       It protects you from negative energy.
   rCorr:     It protects you from acid and corrosion.
 w - a +1 pair of boots (worn)
   (You found it on level 6 of the Dungeon)
Wands
 a - a wand of flame (24)
   (You found it on level 7 of the Dungeon)
 b - a wand of mindburst (11)
   (You found it on level 7 of the Dungeon)
 c - a wand of light (16)
   (You took it off Ijyb on level 4 of the Dungeon)
 o - a wand of charming (14)
   (You found it on level 3 of the Dungeon)
 s - a wand of polymorph (7)
   (You found it on level 10 of the Dungeon)
 B - a wand of roots (7)
   (You found it on level 11 of the Dungeon)
Scrolls
 d - 2 scrolls of noise {!r}
 l - 5 scrolls of teleportation
 m - 2 scrolls of blinking {!r}
 A - a scroll of fear
Potions
 e - 3 potions of brilliance
 f - 2 potions of ambrosia
 h - 3 potions of haste
 j - 7 potions of curing
 k - a potion of invisibility
 q - 2 potions of degeneration {!q}
 u - 2 potions of attraction {!q}
 x - 3 potions of lignification {!q}
 z - a potion of enlightenment
 D - 2 potions of resistance
 F - 2 potions of might
 H - a potion of cancellation {unknown}
 I - 2 potions of heal wounds
 J - a potion of mutation {!q}


   Skills:
 + Level 11.7 Fighting
 * Level 15.8 Axes
 + Level 6.5 Armour
 + Level 6.4 Dodging
 + Level 3.6 Evocations


You had 12 spell levels left.
You didn't know any spells.
Your spell library was empty.

Dungeon Overview and Level Annotations

Branches:
Dungeon (11/15)            Temple (0/1) D:6            Lair (4/5) D:9
 Shoals (0/4) Lair:3       Spider (0/4) Lair:3          Orc (0/2) D:11
  Slime: Lair:4-5

Altars:
Ashenzari
Fedhas
Kikubaaqudgha
Makhleb
Nemelex Xobeh
Okawaru
Qazlal
Trog
Vehumet
Wu Jian
Xom
Yredelemnul
Zin
The Shining One

Shops:
D:3 *   D:4 (   D:9 *


Innate Abilities, Weirdness & Mutations

You can wield a second weapon in your off-hand.
It takes a long time for you to wield or remove held weapons.
Your first few attacks do less damage.
You cannot equip rings or amulets.


Message History

Unknown command.
Unknown command.
Unknown command.
Okay, then.
Spoiler Alert: The komodo dragon can hit for high damage in melee!
Unknown command.
Unknown command.
Unknown command.
Unknown command.
Unknown command.
Unknown command.
Spoiler Alert: The komodo dragon can hit for high damage in melee!
Unknown command.
Unknown command.
Unknown command.
You see here a catoblepas corpse.
Warning x2: The catoblepas can petrify you with its breath!
The komodo dragon can hit for high damage in melee!
Unknown command.
Warning x2: The catoblepas can petrify you with its breath!
The komodo dragon can hit for high damage in melee!
Unknown command.
Warning x2: The catoblepas can petrify you with its breath!
The komodo dragon can hit for high damage in melee!
Unknown command.
Warning x2: The catoblepas can petrify you with its breath!
The komodo dragon can hit for high damage in melee!
Unknown command.
Warning x2: The catoblepas can petrify you with its breath!
The komodo dragon can hit for high damage in melee!
Unknown command.
Warning x2: The catoblepas can petrify you with its breath!
The komodo dragon can hit for high damage in melee!
Unknown command.
Warning x2: The catoblepas can petrify you with its breath!
The komodo dragon can hit for high damage in melee!
You feel a strong urge to attack something.
The komodo dragon bites you!
You take 9 damage, and have 74/160 hp.
Warning x2: The catoblepas can petrify you with its breath!
The komodo dragon can hit for high damage in melee!
Unknown command.
Warning x2: The catoblepas can petrify you with its breath!
The komodo dragon can hit for high damage in melee!
Unknown command.
Warning x2: The catoblepas can petrify you with its breath!
The komodo dragon can hit for high damage in melee!
Unknown command.
Warning x2: The catoblepas can petrify you with its breath!
The komodo dragon can hit for high damage in melee!
Unknown command.
Warning x2: The catoblepas can petrify you with its breath!
The komodo dragon can hit for high damage in melee!
Unknown command.
Warning x2: The catoblepas can petrify you with its breath!
The komodo dragon can hit for high damage in melee!
Unknown command.
Warning x2: The catoblepas can petrify you with its breath!
The komodo dragon can hit for high damage in melee!
You slash the komodo dragon with your +2 broad axe!
The komodo dragon is lightly wounded.
You slash the komodo dragon with your +4 war axe!
Warning x2: The catoblepas can petrify you with its breath!
The komodo dragon can hit for high damage in melee!
Unknown command.
Warning x2: The catoblepas can petrify you with its breath!
The komodo dragon can hit for high damage in melee!
Unknown command.
Warning x2: The catoblepas can petrify you with its breath!
The komodo dragon can hit for high damage in melee!
You slice the komodo dragon with your +2 broad axe!!
You kill the komodo dragon!
Trog accepts your kill.
Unknown command.
Unknown command.
Unknown command.
Spoiler Alert: The catoblepas can petrify you with its breath!
Unknown command.
Unknown command.
Unknown command.
Unknown command.
You hit the catoblepas with your +4 war axe.
The catoblepas is lightly wounded.
You slice the catoblepas with your +2 broad axe!!
The catoblepas misses you.
Spoiler Alert: The catoblepas can petrify you with its breath!
You slash the catoblepas with your +2 broad axe!
The catoblepas is heavily wounded.
You slice the catoblepas with your +4 war axe!!
Unknown command.
Unknown command.
You slash the catoblepas with your +4 war axe!
The catoblepas is almost dead.
You completely miss the catoblepas with your +2 broad axe.
You are no longer berserk.
You are exhausted.
You feel yourself slow down.
The catoblepas breathes a plume of calcifying dust at you.
The blast of calcifying dust hits you but does no damage.
You now have 51/107 hp.
Spoiler Alert: The catoblepas can petrify you with its breath!
Unknown command.
Unknown command.
Unknown command.
Unknown command.
You see here a hydra corpse.
Unknown command.
Spoiler Alert: The catoblepas can petrify you with its breath!
Unknown command.
Unknown command.
The catoblepas attacks as it pursues you!
The catoblepas gores you!!
* * * LOW HITPOINT WARNING * * *
The dream sheep is engulfed in calcifying dust.
The dream sheep is moving more slowly.
The dream sheep misses you. The catoblepas gores you!!
You die...

....[..........
................
................
................
........§.......
........§.......
........§.......
........§.....?.
.......@Y.......
.......Y§.......
........§.......
P...............
.........?......
................
................
.#..............
...#...........


You could see a catoblepas and a dream sheep (petrifying).

Vanquished Creatures
  Harold (D:10)
  2 hydras
  Erolcha (D:10)
  A catoblepas (Lair:4)
  A cyclops (D:11)
  A merfolk siren (Lair:3)
  A meliai (Lair:3)
  A black mamba (Lair:3)
  A gargoyle (D:7)
  An unseen horror (D:11)
  Jeremiah (D:8)
  8 cane toads
  Maggie (D:7)
  2 komodo dragons
  2 rime drakes
  A polar bear (Lair:2)
  2 trolls
  A hornet (D:9)
  Sigmund (D:4)
  A vampire (D:10)
  4 wyverns
  A wraith (D:9)
  36 yaks
  Grum (D:9)
  A steam dragon (D:10)
  A basilisk (D:9)
  A swamp worm (Lair:1)
  Menkaure (D:4)
  An acid dragon (D:10)
  6 water moccasins
  5 orc warriors
  3 ice beasts
  5 black bears
  2 ogres
  2 sky beasts (D:6)
  6 wolves
  8 centaurs
  5 kobold brigands
  9 bullfrogs
  5 scorpions
  A wyvern skeleton (D:6)
  4 wights (D:6)
  2 burial acolytes (D:6)
  20 killer bees
  3 howler monkeys
  A bombardier beetle (D:5)
  A centaur zombie (D:6)
  2 bullfrog zombies (D:6)
  4 jellies
  3 bullfrog skeletons (D:6)
  A human zombie (D:6)
  10 orc priests
  A centaur skeleton (D:6)
  A hound (D:6)
  Ijyb (D:4)
  Natasha (thrice) (D:2)
  8 iguanas
  11 orc wizards
  3 gnolls (D:3)
  6 adders
  A river rat (D:9)
  3 ufetubi
  2 dart slugs (D:1)
  2 ribbon worms
  23 orcs
  4 ball pythons
  3 bats
  7 endoplasms
  A giant cockroach (D:3)
  10 goblins
  6 hobgoblins
  3 jackals (D:4)
  23 kobolds
  3 quokkas
  4 frilled lizards
  3 rats
318 creatures vanquished.

Notes
Turn   | Place    | Note
-------+----------+-------------------------------------------
     0 | D:1      | Mgcat the Coglin Berserker began the quest for the Orb.
     0 | D:1      | Reached XP level 1. HP: 18/18 MP: 1/1
   209 | D:1      | Reached XP level 2. HP: 20/24 MP: 2/2
   715 | D:1      | Reached XP level 3. HP: 29/29 MP: 3/3
  1018 | D:2      | Noticed Natasha
  1025 | D:2      | Killed Natasha
  1026 | D:2      | Reached skill level 4 in Axes
  1109 | D:2      | Noticed Natasha
  1114 | D:2      | Killed Natasha
  1115 | D:2      | Reached XP level 4. HP: 37/37 MP: 4/4
  1252 | D:2      | Found an ancient bone altar of Kikubaaqudgha.
  1346 | D:2      | Noticed Natasha
  1352 | D:2      | Killed Natasha
  1528 | D:2      | Found a faded altar of an unknown god.
  1536 | D:2      | Reached skill level 4 in Fighting
  1554 | D:2      | Reached XP level 5. HP: 37/42 MP: 5/5
  1980 | D:3      | Found Lon Noysk's Assorted Antiques.
  1986 | D:3      | Bought a golden potion for 29 gold pieces
  1986 | D:3      | Bought a golden potion for 29 gold pieces
  2028 | D:3      | Found a bloodstained altar of Trog.
  2122 | D:3      | Found a glowing golden altar of the Shining One.
  2243 | D:3      | Found a stormy altar of Qazlal.
  2271 | D:3      | Reached skill level 5 in Axes
  2886 | D:4      | Noticed a black bear
  2903 | D:4      | Killed a black bear
  2904 | D:4      | Reached XP level 6. HP: 49/49 MP: 6/6
  2992 | D:4      | Found Hizxas's Antique Weapon Shoppe.
  2994 | D:4      | Noticed Ijyb
  3028 | D:4      | Reached ** piety under Trog
  3050 | D:4      | Killed Ijyb
  3061 | D:4      | Noticed Sigmund
  3066 | D:4      | Noticed Menkaure
  3069 | D:4      | HP: 6/49 [something/magic dart (7)]
  3070 | D:4      | Reached skill level 6 in Axes
  3080 | D:4      | Killed Sigmund
  3081 | D:4      | Reached skill level 5 in Fighting
  3081 | D:4      | Reached XP level 7. HP: 40/56 MP: 7/7
  3084 | D:4      | Killed Menkaure
  3173 | D:4      | Found an iron altar of Okawaru.
  3665 | D:5      | Entered Level 5 of the Dungeon
  3670 | D:5      | Reached skill level 7 in Axes
  3836 | D:5      | Reached XP level 8. HP: 64/64 MP: 8/8
  3838 | D:5      | Reached skill level 6 in Fighting
  3838 | D:5      | Reached skill level 8 in Axes
  4081 | D:5      | You fall into a shaft and drop 1 floor!
  4366 | D:5      | Reached skill level 9 in Axes
  4732 | D:6      | Reached skill level 7 in Fighting
  4737 | D:6      | Reached XP level 9. HP: 72/72 MP: 9/9
  4737 | D:6      | Found an ancient bone altar of Kikubaaqudgha.
  4767 | D:6      | Reached skill level 10 in Axes
  5489 | D:6      | Reached skill level 8 in Fighting
  5684 | D:6      | Found a staircase to the Ecumenical Temple.
  5907 | D:7      | Reached *** piety under Trog
  5908 | D:7      | Reached skill level 11 in Axes
  5938 | D:7      | Noticed a gargoyle
  5955 | D:7      | Killed a gargoyle
  6356 | D:7      | Reached XP level 10. HP: 77/82 MP: 10/10
  6442 | D:7      | Noticed Maggie
  6460 | D:7      | Killed Maggie
  6876 | D:8      | Reached skill level 12 in Axes
  6959 | D:8      | Found a burning altar of Makhleb.
  6975 | D:8      | Noticed Jeremiah
  6991 | D:8      | Killed Jeremiah
  6992 | D:8      | Reached skill level 9 in Fighting
  7717 | D:8      | Found a sparkling altar of Nemelex Xobeh.
  7734 | D:8      | Found a blossoming altar of Fedhas.
  7773 | D:8      | Found a glowing silver altar of Zin.
  7972 | D:9      | Identified the +1 ring mail of Anar {rF+ rN+ rCorr}
  8076 | D:9      | Noticed Grum
  8080 | D:9      | Reached skill level 13 in Axes
  8080 | D:9      | Reached skill level 2 in Armour
  8080 | D:9      | Reached skill level 2 in Dodging
  8082 | D:9      | Reached **** piety under Trog
  8083 | D:9      | Found a staircase to the Lair.
  8101 | D:9      | Killed Grum
  8445 | D:9      | Reached XP level 11. HP: 90/90 MP: 11/11
  8469 | D:9      | Found Neilad's Assorted Antiques.
  8477 | D:9      | Bought a scroll of enchant armour for 187 gold pieces
  8484 | D:9      | Found a broken altar of Ashenzari.
  8673 | D:9      | Found a shimmering altar of Xom.
  8988 | D:10     | Entered Level 10 of the Dungeon
  9135 | D:10     | Noticed Erolcha
  9145 | D:10     | Reached skill level 3 in Armour
  9145 | D:10     | Reached skill level 3 in Dodging
  9152 | D:10     | Killed Erolcha
  9153 | D:10     | Reached skill level 10 in Fighting
  9376 | D:10     | Found a radiant altar of Vehumet.
  9494 | D:10     | Found a basalt altar of Yredelemnul.
  9661 | D:10     | Noticed Harold
  9673 | D:10     | Killed Harold
  9940 | D:10     | Found an ornate altar of the Wu Jian Council.
 10155 | D:11     | Reached skill level 4 in Armour
 10157 | D:11     | Reached skill level 14 in Axes
 10158 | D:11     | Reached skill level 4 in Dodging
 10162 | D:11     | Noticed a cyclops
 10174 | D:11     | Killed a cyclops
 10175 | D:11     | Found a staircase to the Orcish Mines.
 10769 | D:11     | Found a glowing silver altar of Zin.
 11233 | Lair:1   | Entered Level 1 of the Lair of Beasts
 11272 | Lair:1   | Reached XP level 12. HP: 86/99 MP: 12/12
 11439 | Lair:1   | Reached skill level 5 in Armour
 11440 | Lair:1   | Reached skill level 5 in Dodging
 12133 | Lair:2   | Noticed a five-headed hydra
 12140 | Lair:2   | Killed a five-headed hydra
 12141 | Lair:2   | Reached skill level 11 in Fighting
 12192 | Lair:2   | Reached skill level 15 in Axes
 12992 | Lair:3   | HP: 25/100 [poisoned by a black mamba]
 13288 | Lair:3   | Found a hole to the Spider Nest.
 13294 | Lair:3   | Reached ***** piety under Trog
 13486 | Lair:3   | Reached skill level 1 in Evocations
 13488 | Lair:3   | Reached skill level 6 in Armour
 13488 | Lair:3   | Reached skill level 6 in Dodging
 13766 | Lair:3   | Reached skill level 2 in Evocations
 14167 | Lair:3   | Found a staircase to the Shoals.
 14250 | Lair:3   | Reached skill level 3 in Evocations
 14347 | Lair:4   | Noticed a catoblepas
 14347 | Lair:4   | Noticed a four-headed hydra
 14352 | Lair:4   | Killed a four-headed hydra
 14352 | Lair:4   | Noticed a catoblepas
 14353 | Lair:4   | Reached XP level 13. HP: 78/106 MP: 13/13
 14355 | Lair:4   | Received a gift from Trog
 14368 | Lair:4   | HP: 25/107 [catoblepas (27)]
 14368 | Lair:4   | Slain by a catoblepas

Illustrated notes

Levels and vault maps discovered:
D:1:      shiori_arrival_maze, layout_loops_corners,
          nicolae_twisty_statue_hallways
D:2:      layout_basic, chequers_ecumenical_altar_island, basic_altar,
          chequers_serial_rivers_small_3, uniq_natasha
D:3:      layout_loops_corners, mainiacjoe_overflow_tiny_flanked, trog_book,
          mainiacjoe_overflow_concentric_impassable, serial_shops, shop
D:4:      layout_loops_ring, nicolae_overflow_crystal_walls, serial_shops, shop,
          st_stairs_9, uniq_ijyb, uniq_sigmund, uniq_menkaure
D:5:      layout_rooms
D:6:      layout_basic, lemuel_mausoleum_altar_kikubaaqudgha,
          minmay_temple_entry_junction, nicolae_sextant,
          minmay_chambers_of_fives
D:7:      layout_loops_corners, chequers_big_river, uniq_maggie
D:8:      layout_basic, kennysheep_mini_moat, mainiacjoe_overflow_boulevard,
          nemelex_diamond_rough_becter, mainiacjoe_overflow_paths, uniq_jeremiah
D:9:      layout_grid_maze, xom_teletrap_fun, nicolae_ashenzari_skybound,
          dpeg_lair_monsters, serial_shops, nicolae_shop_advertising_works
          [nicolae_subvault_shop_adworks], minmay_crystal_room,
          amcnicky_mini_pool_small, uniq_grum
D:10:     layout_big_octagon, amcnicky_altar_gilded,
          pdpol_wu_jian_five_deadly_venoms, lemuel_crystal_altar, st_stairs_10,
          uniq_erolcha, uniq_harold
D:11:     layout_roguey, erik_orc_3, zin_academy
Lair:1:   layout_cellular_growth, minivault_11, worms_lemuel, grunt_megastairs_3
Lair:2:   layout_roguey, bh_autumn_forest_stairs
Lair:3:   layout_hall_layers, minmay_shoals_entry_lonely_mermaid,
          hellmonk_spider_entry_not_the_bees, grunt_forest_small_clearing_treed
Lair:4:   layout_layer_cave, lemuel_fruit_tree, serial_bayou_shore_a

Skill      XL: |  1  2  3  4  5  6  7  8  9 10 11 12 |
---------------+-------------------------------------+-----
Axes           | 4 5 6 7 9 11 13 14 15 | 15.8
Fighting       | 4 5 7 8 9 10 11 | 11.7
Armour         | 2 4 6 |  6.5
Dodging        | 2 4 6 |  6.4
Evocations     | 3 |  3.6

Action                     |  1- 3 |  4- 6 |  7- 9 | 10-12 | 13-15 || total
---------------------------+-------+-------+-------+-------+-------++-------
  Melee: Hand axe          |    41 |    77 |   155 |    10 |       ||   283
         Dagger            |    38 |    46 |       |       |       ||    84
         Spear             |       |    33 |   110 |       |       ||   143
         War axe           |       |       |    62 |   310 |     8 ||   380
         Broad axe         |       |       |       |   305 |     8 ||   313
 Invoke: Berserk           |     2 |     5 |     6 |    14 |     1 ||    28
         Trog's Hand       |       |     1 |       |     3 |       ||     4
  Evoke: Wand              |       |       |       |    12 |       ||    12
    Use: Potion            |       |     3 |       |     3 |       ||     6
         Scroll            |       |       |     9 |    19 |       ||    28
   Stab: Sleeping          |     1 |       |       |       |       ||     1
 Armour: Animal skin       |    19 |       |       |       |       ||    19
         Chain mail        |       |    73 |   127 |    62 |       ||   262
         Ring mail         |       |       |       |   195 |    10 ||   205
  Dodge: Dodged            |    26 |    30 |    56 |   174 |     6 ||   292

Table legend: (Time is in decaauts)
 A = Elapsed time spent in this place.
 B = Non-inter-level travel time spent in this place.
 C = Inter-level travel time spent in this place.
 D = Time resting spent in this place.
 E = Time spent auto-exploring this place.
 F = Levels seen in this place.
 G = Mean time per level.
                   A        B        C        D        E       F      G
               +--------+--------+--------+--------+--------+-----+--------+
         Total |  14589 |  14164 |    425 |   2056 |  10453 |  15 |  972.6 |
       Dungeon |  11440 |  11063 |    377 |   1741 |   7992 |  11 | 1040.0 |
          Lair |   3149 |   3101 |     48 |    315 |   2461 |   4 |  787.2 |
               +--------+--------+--------+--------+--------+-----+--------+

Top non-repeatable levels by time:
     D:6: 1226 daAuts
  Lair:3: 1155 daAuts
    D:11: 1151 daAuts
  Lair:2: 1101 daAuts
    D:10: 1099 daAuts
     D:9: 1096 daAuts
     D:8: 1078 daAuts
     D:2: 1057 daAuts
     D:7: 1055 daAuts
     D:1: 990 daAuts
     D:4: 986 daAuts
     D:3: 885 daAuts
  Lair:1: 877 daAuts
     D:5: 814 daAuts
  Lair:4: 15 daAuts

Levels and vault maps discovered:
D:1:      shiori_arrival_maze, layout_loops_corners,
          nicolae_twisty_statue_hallways
D:2:      layout_basic, chequers_ecumenical_altar_island, basic_altar,
          chequers_serial_rivers_small_3, uniq_natasha
D:3:      layout_loops_corners, mainiacjoe_overflow_tiny_flanked, trog_book,
          mainiacjoe_overflow_concentric_impassable, serial_shops, shop
D:4:      layout_loops_ring, nicolae_overflow_crystal_walls, serial_shops, shop,
          st_stairs_9, uniq_ijyb, uniq_sigmund, uniq_menkaure
D:5:      layout_rooms
D:6:      layout_basic, lemuel_mausoleum_altar_kikubaaqudgha,
          minmay_temple_entry_junction, nicolae_sextant,
          minmay_chambers_of_fives
D:7:      layout_loops_corners, chequers_big_river, uniq_maggie
D:8:      layout_basic, kennysheep_mini_moat, mainiacjoe_overflow_boulevard,
          nemelex_diamond_rough_becter, mainiacjoe_overflow_paths, uniq_jeremiah
D:9:      layout_grid_maze, xom_teletrap_fun, nicolae_ashenzari_skybound,
          dpeg_lair_monsters, serial_shops, nicolae_shop_advertising_works
          [nicolae_subvault_shop_adworks], minmay_crystal_room,
          amcnicky_mini_pool_small, uniq_grum
D:10:     layout_big_octagon, amcnicky_altar_gilded,
          pdpol_wu_jian_five_deadly_venoms, lemuel_crystal_altar, st_stairs_10,
          uniq_erolcha, uniq_harold
D:11:     layout_roguey, erik_orc_3, zin_academy
Lair:1:   layout_cellular_growth, minivault_11, worms_lemuel, grunt_megastairs_3
Lair:2:   layout_roguey, bh_autumn_forest_stairs
Lair:3:   layout_hall_layers, minmay_shoals_entry_lonely_mermaid,
          hellmonk_spider_entry_not_the_bees, grunt_forest_small_clearing_treed
Lair:4:   layout_layer_cave, lemuel_fruit_tree, serial_bayou_shore_a

Table legend: (Time is in decaauts)
 A = Elapsed time spent in this place.
 B = Non-inter-level travel time spent in this place.
 C = Inter-level travel time spent in this place.
 D = Time resting spent in this place.
 E = Time spent auto-exploring this place.
 F = Levels seen in this place.
 G = Mean time per level.
                   A        B        C        D        E       F      G
               +--------+--------+--------+--------+--------+-----+--------+
         Total |  14589 |  14164 |    425 |   2056 |  10453 |  15 |  972.6 |
       Dungeon |  11440 |  11063 |    377 |   1741 |   7992 |  11 | 1040.0 |
          Lair |   3149 |   3101 |     48 |    315 |   2461 |   4 |  787.2 |
               +--------+--------+--------+--------+--------+-----+--------+

Top non-repeatable levels by time:
     D:6: 1226 daAuts
  Lair:3: 1155 daAuts
    D:11: 1151 daAuts
  Lair:2: 1101 daAuts
    D:10: 1099 daAuts
     D:9: 1096 daAuts
     D:8: 1078 daAuts
     D:2: 1057 daAuts
     D:7: 1055 daAuts
     D:1: 990 daAuts
     D:4: 986 daAuts
     D:3: 885 daAuts
  Lair:1: 877 daAuts
     D:5: 814 daAuts
  Lair:4: 15 daAuts

Table legend:
 A = Kills in this place as a percentage of kills in the entire game.
 B = Kills by you in this place as a percentage of kills by you in the entire game.
 C = Kills by friends in this place as a percentage of kills by friends in the entire game.
 D = Other kills in this place as a percentage of other kills in the entire game.
 E = Experience gained in this place as a percentage of experience gained in the entire game.
 F = Experience gained in this place divided by the number of levels of this place that you have seen.
                   A       B       C       D       E      F
               +-------+-------+-------+-------+-------+----------------------
         Total | 100.0 | 100.0 |   N/A |   N/A | 100.0 | 2279.7
       Dungeon |  79.9 |  79.9 |   N/A |   N/A |  53.0 | 1648.1
          Lair |  20.1 |  20.1 |   N/A |   N/A |  47.0 | 4016.8
               +-------+-------+-------+-------+-------+----------------------
